 Dungeon Crawl Stone Soup version 0.23.2-40-g277498a001 (webtiles) character file.

Game seed: 4164205781920306425

5262 Felnil the Fighter (level 10, 0/95 HPs)
             Began as a Mummy Fighter on Aug 14, 2019.
             Was a High Priest of Yredelemnul.
             Slain by a warg (5 damage)
             ... on level 2 of the Orcish Mines.
             The game lasted 00:47:35 (9310 turns).

Felnil the Fighter (Mummy Fighter)                  Turns: 9310, Time: 00:47:35

Health: 0/95       AC: 11    Str: 23    XL:     10   Next: 36%
Magic:  4/10       EV:  4    Int:  8    God:    Yredelemnul [*****.]
Gold:   878        SH: 12    Dex: 11    Spells: 9/9 levels left

rFire    . . .     SeeInvis .   h - +3 hand axe (chop)
rCold    + . .     Gourm    .   i - +3 shield {reflect}
rNeg     + + +     Faith    .   q - +0 plate armour
rPois    ∞         Spirit   .   (no helmet)
rElec    .         Reflect  +   (no cloak)
rCorr    +         Harm     .   (no gloves)
MR       +....                  (no boots)
Stlth    ..........             f - amulet of regeneration
HPRegen  0.65/turn              g - ring of resist corrosion
MPRegen  0.12/turn              l - ring of protection from fire

@: no status effects
A: no food or potions, fire vulnerability, cold resistance 1, negative energy
resistance 3, torment resistance, unbreathing
a: Recall Undead Slaves, Injury Mirror, Animate Dead, Drain Life, Enslave Soul,
Renounce Religion


You were on level 2 of the Orcish Mines.
You worshipped Yredelemnul.
Yredelemnul was extremely pleased with you.
You were not hungry.

You visited 2 branches of the dungeon, and saw 11 of its levels.
You also visited: Ossuary.

You collected 878 gold pieces.

Inventory:

Hand Weapons
 a - a +0 war axe
 h - a +3 hand axe of chopping (weapon)
 r - the cursed +1 spear of Abrinkyl {elec, MR+}
   (You took it off an orc on level 5 of the Dungeon)

   Occasionally, upon striking a foe, it will discharge some electrical energy
   and cause terrible harm.
   It affects your resistance to hostile enchantments.
   It has a curse placed upon it.
 u - a +3 spear of distortion
Missiles
 n - 12 tomahawks (quivered)
 t - 2 throwing nets
Armour
 i - a +3 shield of reflection (worn)
 q - a +0 plate armour (worn)
Jewellery
 c - an uncursed amulet of harm
 f - an amulet of regeneration (around neck)
 g - a ring of resist corrosion (left hand)
 l - a ring of protection from fire (right hand)
 p - an uncursed ring of magical power
 w - an uncursed ring of flight
 z - an uncursed ring of ice
 A - a +2 ring of dexterity
Wands
 k - a wand of flame (28)
 m - a wand of iceblast (12)
 y - a wand of paralysis (8)
Scrolls
 d - 3 scrolls of remove curse
 j - 2 scrolls of magic mapping
 o - a scroll of identify
 s - a scroll of silence
 v - 2 scrolls of amnesia


   Skills:
 + Level 14.9 Fighting
 - Level 1.5 Axes
 - Level 2.4 Armour
 - Level 2.4 Shields


You had 9 spell levels left.
You didn't know any spells.
Your spell library contained the following spells:

 Spells                   Type           Power        Failure   Level  Hunger
 Passwall                 Tmut/Erth      #.......     100%        2    N/A
 Ignite Poison            Fire/Tmut/Pois #.......     100%        3    N/A
 Alistair's Intoxication  Tmut/Pois      #.......     100%        5    N/A
 Irradiate                Conj/Tmut      #.........   100%        5    N/A
 Ice Form                 Ice/Tmut       Unusable     N/A         4    N/A

Dungeon Overview and Level Annotations

Branches:
Dungeon (9/15)             Temple (0/1) D:7             Orc (2/2) D:9
   Lair: D:8-11         Elf: Orc:2

Altars:
Elyvilon
Kikubaaqudgha
Nemelex Xobeh
Sif Muna
Trog
Xom
Yredelemnul
Zin
The Shining One
Beogh


Innate Abilities, Weirdness & Mutations

You do not eat or drink.
Your flesh is vulnerable to fire.
You are immune to poison.
Your flesh is cold resistant. (rC+)
You are immune to negative energy. (rN+++)
You are immune to unholy pain and torment.
You can survive without breathing.


Message History

You block the ogre's attack. The warg bites you but does no damage.
The ogre hits you with a +0 giant club!
* * * LOW HITPOINT WARNING * * *
You block the warg's attack. You block the warg's attack. x2
The warg bites you.
* * * LOW HITPOINT WARNING * * *
The warg bites you.
* * * LOW HITPOINT WARNING * * *
Really walk into that dispersal trap?
You enter a dispersal trap!
The warg blinks! x2; The ogre blinks!
The warg blinks! x2; You blink.
The warg bites you.
* * * LOW HITPOINT WARNING * * *
Okay, then.
Aiming: Paralyse
Press: ? - help, Shift-Dir - straight line, f - warg
Aim: a warg (chance to defeat MR: 28%)
The warg easily resists.
The warg bites you.
You die...
Yredelemnul claims you as an undead slave.

##### #### #...# #...##
##...### .....#
###.§....# ....##
#......§.### ####.....##
#.........# #.#<......#
##......§.#####.........
#.....^..h@O#.#.........
#....h.#...........###...
...h.####..§.......$# ..
...# #..........### . ..
#...........# .
##.........##
...........#
........#.....
.......###....


You could see 2 wargs and an ogre.

Vanquished Creatures
  A troll (Orc:1)
  Grinder (D:6)
  A sky beast (D:6)
  6 orc warriors
  4 ogres
  2 centaurs
  A big kobold (D:8)
  2 bullfrogs (D:7)
  A gnoll sergeant (D:6)
  2 water moccasin zombies (Ossuary)
  A wyvern skeleton (D:9)
  A scorpion (D:9)
  2 howler monkeys
  4 electric eels (D:4)
  3 crimson imps
  A quasit (D:6)
  A hound (D:9)
  3 jellies
  9 orc wizards
  A bullfrog skeleton (D:8)
  4 orc priests
  2 gnoll shamans
  Ijyb (D:3)
  3 iguanas (D:5)
  8 worker ants
  5 big kobold zombies (Ossuary)
  A hound zombie (D:7)
  2 mummies (Ossuary)
  2 worker ant zombies
  14 gnolls
  8 adders
  3 oozes
  4 adder zombies
  3 adder skeletons
  4 worms
  2 dart slugs
  4 leopard geckos
  49 orcs
  7 giant cockroaches
  4 gnoll zombies (Ossuary)
  6 goblins (D:2)
  5 hobgoblins
  10 jackals
  3 quokkas
  4 ball pythons
  11 bats
  6 frilled lizards
  7 hobgoblin zombies (Ossuary)
  A jackal zombie (D:6)
  9 kobolds
  6 kobold zombies (Ossuary)
  A leopard gecko skeleton (D:4)
  3 orc zombies (Ossuary)
  A quokka zombie (D:5)
  9 rats
259 creatures vanquished.

Vanquished Creatures (collateral kills)
  A two-headed ogre (D:8)
  Sigmund (D:6)
  2 wyverns (D:8)
  A warg (Orc:1)
  5 orc warriors
  A sky beast (D:8)
  A necrophage (D:9)
  An ogre (D:6)
  2 bullfrogs
  2 howler monkeys (D:8)
  A crimson imp (D:8)
  A bullfrog skeleton (D:7)
  An orc priest (D:7)
  8 orc wizards
  A worker ant (D:8)
  A hound zombie (D:8)
  An adder (D:8)
  3 gnolls (D:7)
  A shadow imp (D:8)
  An adder zombie (D:5)
  21 orcs
  A jackal (D:7)
  A jackal skeleton (D:8)
59 creatures vanquished.

Vanquished Creatures (others)
  2 flying skulls (D:8)
  A vampire (Orc:1)
  2 wraiths
  A wyvern zombie (D:8)
  A bullfrog zombie (D:8)
  2 ogre zombies (Orc:1)
  A mummy (D:7)
  2 howler monkey zombies
  3 worker ant zombies
  24 orc zombies
  A goblin (D:3)
  A leopard gecko zombie (D:7)
  A quokka zombie (D:8)
42 creatures vanquished.

Grand Total: 360 creatures vanquished

Notes
Turn   | Place    | Note
-------+----------+-------------------------------------------
     0 | D:1      | Felnil the Mummy Fighter began the quest for the Orb.
     0 | D:1      | Reached XP level 1. HP: 18/18 MP: 1/1
    50 | D:1      | Reached XP level 2. HP: 24/24 MP: 2/2
   531 | D:1      | Reached skill level 4 in Fighting
   618 | D:2      | Reached XP level 3. HP: 17/30 MP: 3/3
   763 | D:2      | Found a shimmering altar of Xom.
   912 | D:2      | Found a deep blue altar of Sif Muna.
   912 | D:2      | Found a basalt altar of Yredelemnul.
   913 | D:2      | Found a sparkling altar of Nemelex Xobeh.
   920 | D:2      | Became a worshipper of Yredelemnul the Dark
  1316 | D:3      | Reached XP level 4. HP: 31/38 MP: 4/4
  1355 | D:3      | Noticed Ijyb
  1366 | D:3      | Killed Ijyb
  1366 | D:3      | Reached skill level 5 in Fighting
  1739 | D:3      | Reached XP level 5. HP: 28/46 MP: 5/5
  1824 | D:3      | Reached skill level 6 in Fighting
  1872 | D:3      | Reached * piety under Yredelemnul
  2790 | D:4      | Found a sand-covered staircase.
  2814 | Ossuary  | Entered an ossuary
  2870 | Ossuary  | Reached XP level 6. HP: 53/53 MP: 6/6
  2891 | Ossuary  | Reached skill level 7 in Fighting
  2927 | Ossuary  | Reached ** piety under Yredelemnul
  3099 | Ossuary  | Reached skill level 8 in Fighting
  3180 | D:4      | Reached XP level 7. HP: 60/62 MP: 7/7
  3193 | D:4      | Found a transporter.
  3231 | D:4      | Found a transporter.
  3325 | D:4      | Reached *** piety under Yredelemnul
  4042 | D:5      | Entered Level 5 of the Dungeon
  4048 | D:4      | Reached skill level 9 in Fighting
  4337 | D:5      | Identified the cursed +1 spear of Abrinkyl {elec, MR+}
  4582 | D:5      | Reached XP level 8. HP: 72/72 MP: 8/8
  4748 | D:5      | Reached skill level 10 in Fighting
  5105 | D:6      | Noticed Grinder
  5132 | D:6      | Paralysed by Grinder for 7 turns
  5144 | D:6      | Killed Grinder
  5208 | D:6      | Reached skill level 11 in Fighting
  5221 | D:6      | Found an ancient bone altar of Kikubaaqudgha.
  5225 | D:6      | Noticed Sigmund
  5235 | D:6      | Killed Sigmund
  5284 | D:6      | Reached **** piety under Yredelemnul
  5600 | D:6      | Reached XP level 9. HP: 70/82 MP: 9/9
  5707 | D:6      | Found a bloodstained altar of Trog.
  5822 | D:7      | Received a gift from Yredelemnul (a mummy)
  5854 | D:7      | Reached skill level 12 in Fighting
  6261 | D:7      | Received a gift from Yredelemnul (2 flying skulls)
  6427 | D:7      | Found a staircase to the Ecumenical Temple.
  6638 | D:8      | Received a gift from Yredelemnul (a wraith)
  6950 | D:8      | Found a large runed translucent door.
  6964 | D:8      | Reached skill level 13 in Fighting
  7050 | D:8      | Found a large runed translucent door.
  7054 | D:8      | Noticed a four-headed hydra
  7058 | D:8      | Noticed a two-headed ogre
  7065 | D:8      | Killed a two-headed ogre
  7186 | D:8      | Identified Enessakesh's Grimoire of Changing
  7345 | D:8      | Noticed a freezing wraith
  7368 | D:8      | HP: 4/85 [freezing wraith (3)]
  7736 | D:9      | Reached ***** piety under Yredelemnul
  8089 | D:9      | Received a gift from Yredelemnul (a wraith)
  8119 | D:9      | Reached skill level 14 in Fighting
  8221 | D:9      | Found a staircase to the Orcish Mines.
  8245 | D:9      | Found a white marble altar of Elyvilon.
  8247 | D:9      | Found a glowing silver altar of Zin.
  8248 | D:9      | Found a glowing golden altar of the Shining One.
  8594 | Orc:1    | Entered Level 1 of the Orcish Mines
  8699 | Orc:1    | Noticed a troll
  8705 | Orc:1    | Killed a troll
  8705 | Orc:1    | Reached XP level 10. HP: 88/94 MP: 10/10
  8754 | Orc:2    | Entered Level 2 of the Orcish Mines
  8823 | Orc:2    | Found a roughly hewn altar of Beogh.
  8823 | Orc:2    | Noticed an orc high priest
  8843 | Orc:2    | Noticed a smoke demon
  9216 | Orc:1    | Received a gift from Yredelemnul (a vampire)
  9309 | Orc:2    | HP: 4/95 [warg (2)]
  9310 | Orc:2    | Slain by a warg

Skill      XL: |  1  2  3  4  5  6  7  8  9 |
---------------+----------------------------+-----
Fighting       | 4 5 6 8 9 11 14 | 14.9
Axes           | |  1.5
Armour         | |  2.4
Shields        | |  2.4

Action                   |  1- 3 |  4- 6 |  7- 9 | 10-12 || total
-------------------------+-------+-------+-------+-------++-------
Melee: War axe           |   136 |   322 |    33 |       ||   491
       Hand axe          |       |       |   416 |    70 ||   486
Invok: Animate Dead      |       |       |    33 |    10 ||    43
       Recall Undead Sla |       |       |     3 |       ||     3
       Drain Life        |       |       |       |     2 ||     2
Evoke: Wand              |       |       |     3 |     6 ||     9
  Use: Scroll            |       |     9 |    16 |     3 ||    28
 Stab: Distracted        |       |       |       |     2 ||     2
Armor: Scale mail        |    79 |   153 |   175 |       ||   407
       Plate armour      |       |       |     6 |    63 ||    69
Dodge: Dodged            |    54 |   114 |   120 |    13 ||   301
Block: Shield            |    88 |   157 |   310 |    76 ||   631
       Reflection        |       |     5 |     6 |     4 ||    15
